 Dungeon Crawl Stone Soup version 0.29-a0-275-g389c0b56f3 (webtiles) character file.

Game seed: 9203977670762580767

45584 namelastname112 the Geomancer (level 14, -16/124 HPs)
             Began as a Grey Draconian Ice Elementalist on Mar 12, 2022.
             Was a High Priest of Vehumet.
             Demolished by a lindwurm simulacrum (22 damage)
             ... in an ice cave.
             The game lasted 00:41:33 (19495 turns).

namelastname112 the Geomancer (DrIE)               Turns: 19495, Time: 00:41:33

Health: -16/124    AC: 18    Str: 18    XL:     14   Next: 1%
Magic:  12/27      EV: 16    Int: 31    God:    Vehumet [*****.]
Gold:   903        SH:  0    Dex: 14    Spells: 8/32 levels left

rFire   + . .      SeeInvis .   k - +12 hand axe "Vosynn" {vorpal, rElec}
rCold   . . .      Faith    .   (no shield)
rNeg    . . .      Spirit   .   (body armour unavailable)
rPois   +          Reflect  .   (helmet restricted)
rElec   +          Harm     .   u - +2 cloak {rPois}
rCorr   .          Rampage  .   H - +1 pair of gloves {Dex+3}
Will    ++...                   (no boots)
Stlth   +.........              F - amulet of Irelomib {RegenMP Int+5}
HPRegen 0.30/turn               E - ring of Life {rPois rF+ Will+ Str+6 Stlth-}
MPRegen 0.60/turn               g - +6 ring of intelligence

@: on blink cooldown, hasted and slowed
A: AC +13, amphibious, unfitting armour, cold-blooded
a: Renounce Religion


You were in an ice cave.
You worshipped Vehumet.
Vehumet was extremely pleased with you.
You visited 2 branches of the dungeon, and saw 15 of its levels.
You also visited: Gauntlet and Ice Cave.

You collected 903 gold pieces.

Inventory:

Hand Weapons
 h - a +1 dagger
 i - the +6 hand crossbow "Impslayer" {elec, Int+7}
   (You took it off a minotaur in a Gauntlet)

   Any ammunition fired from it occasionally discharges a powerful burst of
   electricity upon striking a foe.
   Int:       It affects your intelligence (+7).
 k - the +12 hand axe "Vosynn" (weapon) {vorpal, rElec}
   (You found it on level 2 of the Dungeon)

   It inflicts extra damage upon your enemies.
   rElec:     It insulates you from electricity.
 y - a +5 vorpal broad axe
Missiles
 n - 9 curare-tipped darts (quivered)
Armour
 u - a +2 cloak of poison resistance (worn)
 H - a +1 pair of gloves of dexterity (worn)
Magical Staves
 A - a staff of cold
Jewellery
 c - a ring of see invisible
 g - a +6 ring of intelligence (right hand)
 s - a ring of flight
 E - the ring of Life (left hand) {rPois rF+ Will+ Str+6 Stlth-}
   (You found it on level 13 of the Dungeon)

   [ring of strength]

   Str:       It affects your strength (+6).
   rF:        It protects you from fire.
   rPois:     It protects you from poison.
   Will:      It increases your willpower.
   Stlth:     It makes you less stealthy.
 F - the amulet of Irelomib (around neck) {RegenMP Int+5}
   (You acquired it in a Gauntlet)

   [amulet of magic regeneration]

   It increases your rate of magic regeneration.
   Int:       It affects your intelligence (+5).
 G - an amulet of guardian spirit
Wands
 f - a wand of paralysis (7)
 o - a wand of charming (23)
 C - a wand of polymorph (9)
Scrolls
 d - 3 scrolls of immolation
 m - 2 scrolls of fog
 p - 6 scrolls of teleportation
 r - 2 scrolls of fear
 t - 5 scrolls of enchant weapon
 v - 4 scrolls of amnesia
 I - a scroll of identify
 J - a scroll of holy word
Potions
 a - a potion of magic
 b - 3 potions of curing
 e - a potion of haste
 j - a potion of flight
 l - a potion of invisibility
 w - 2 potions of mutation
 x - a potion of brilliance
 z - 2 potions of attraction
Miscellaneous
 q - a box of beasts (inert)
 D - a tin of tremorstones (inert)


   Skills:
 + Level 11.0 Fighting
 - Level 8.3 Axes
 + Level 9.5 Dodging
 - Level 1.7 Stealth
 + Level 9.7 Spellcasting
 * Level 9.4 Conjurations
 - Level 5.5 Ice Magic
 + Level 14.0 Earth Magic


You had 8 spell levels left.
You knew the following spells:

 Your Spells              Type           Power      Damage    Failure   Level
a - Ozocubu's Armour      Ice            49%        N/A       1%          3
b - Blink                 Tloc           30%        N/A       4%          2
c - Orb of Destruction    Conj           32%        9d10      16%         7
d - Lee's Rapid Deconstr  Erth           40%        3d21*     1%          5
s - Stone Arrow           Conj/Erth      100%       3d13      1%          3
x - Frozen Ramparts       Ice            98%        1d11      1%          3
z - Freeze                Ice            100%       1d11      1%          1

Your spell library contained the following spells:

 Spells                   Type           Power      Damage    Failure   Level
 Ensorcelled Hibernation  Hex/Ice        64%        N/A       1%          2
 Hailstorm                Conj/Ice       58%        3d13      1%          4
 Sticky Flame             Conj/Fire      44%        2d6       1%          4
 Beastly Appendage        Tmut           30%        N/A       3%          1
 Wereblood                Tmut           15%        N/A       4%          2
 Lesser Beckoning         Tloc           15%        N/A       10%         3
 Spider Form              Tmut/Pois      15%        N/A       10%         3
 Teleport Other           Tloc           15%        N/A       10%         3
 Summon Ice Beast         Ice/Summ       32%        N/A       11%         4
 Conjure Ball Lightning   Conj/Air       22%        3x3d6     19%         6
 Anguish                  Hex/Necr       7%         N/A       32%         4
 Lehudib's Crystal Spear  Conj/Erth      36%        10d9      41%         8
 Manifold Assault         Tloc           15%        N/A       67%         5
 Discord                  Hex            7%         N/A       100%        8
 Disjunction              Tloc           7%         N/A       100%        8
 Animate Armour           Summ/Erth      Unusable   N/A       N/A         4

Dungeon Overview and Level Annotations

Branches:
Dungeon (14/15)            Temple (1/1) D:7            Lair (0/6) D:10
    Orc (0/2) D:12         Vaults (0/5) D:13          IceCv (1/1)
Gauntlet (visited)

Altars:
Ashenzari
Cheibriados
Dithmenos
Elyvilon
Fedhas
Gozag
Hepliaklqana
Kikubaaqudgha
Makhleb
Nemelex Xobeh
Okawaru
Qazlal
Ru
Sif Muna
Trog
Uskayaw
Vehumet
Wu Jian
Xom
Yredelemnul
Zin
The Shining One
Beogh

Shops:
D:4 (   D:12 *

Annotations:
D:11 1 runed translucent door, bmj180's ghost, journeyman MfIE
D:12 2 transporters, exclusion: oklob plant, Zuubbik's ghost, journeyman MiBe


Innate Abilities, Weirdness & Mutations

Your dull iron-grey scales are very hard. (AC +13)
You are amphibious.
You cannot fit into any form of body armour.
You are cold-blooded and may be slowed by cold attacks.


Message History

You have reached level 14!!!
You take 59 damage, and have 7/124 hp!
MASSIVE DAMAGE!!!!!!
You now have 11/27 mp!
You feel much better!
You feel yourself speed up!
The freezing wraith hits you! * * * don't die
* * * The freezing wraith freezes you!!!
You feel yourself slow down! * * * don't die
* * * The freezing wraith closely misses you!
You regained 6 hp, and now have 13/124 hp!
Okay, then!
Unknown command!
You feel much better!
The freezing wraith hits you but does no damage! x2
The freezing wraith misses you!
The freezing wraith hits you!!! * * * don't die
* * * The freezing wraith misses you!
The freezing wraith hits you but does no damage!
The freezing wraith closely misses you! x2
You regained 18 hp, and now have 31/124 hp!
You feel yourself speed up!
You feel yourself speed up!
A freezing wraith comes into view!
The freezing wraith hits you but does no damage!
The freezing wraith hits you!!! * * * don't die
* * * The freezing wraith drains your vigour!!!
You feel yourself slow down!
You take 9 damage, and have 22/124 hp!
Casting: Lee's Rapid Deconstruction (safe; 1% risk of failure)
Confirm with ! or Enter, or press ? or * to list all spells!
You blink!
The freezing wraith misses you!
The freezing wraith hits you!!! * * * don't die
* * * The freezing wraith drains your vigour!!!
You feel as though you will be slow longer!
The lindwurm simulacrum bites you!!! * * * don't die
* * * The lindwurm simulacrum freezes you!!!!!! rip

##..# ###...###
####.......#
#...........
#[?.........
########8........
##W..## ##........
##ZWW§.###.....###.
#W@###..#..########
#.ZZ.##...## ###..
###...##.## ###....
Z..##### ##....##
.n.## ###...###
...## ###...###


.pWZ ##...### ## Z.W.. #...## ##. ._○... #..### ##.. You could see 4 freezing
wraiths, a seven-headed hydra simulacrum, a dire elephant simulacrum and a
lindwurm simulacrum.

Vanquished Creatures
  Nessos (D:12)
  A minotaur (Gauntlet)
  A great orb of eyes (Gauntlet)
  A yaktaur captain (D:13)
  A boulder beetle (D:13)
  An ogre mage (D:11)
  Erolcha (D:9)
  A death knight (D:11)
  3 centaur warriors
  A catoblepas (D:11)
  2 caustic shrike simulacra (IceCv)
  5 two-headed ogres
  A bog body (IceCv)
  Pikel (D:7)
  A wizard (D:13)
  A deep elf pyromancer (D:11)
  3 cyclopes
  7 ugly things
  2 necromancers
  5 slime creatures (D:13)
  2 manticores
  2 orc knights
  2 gargoyles
  An unseen horror (D:11)
  A kobold demonologist (D:11)
  Psyche (D:12)
  2 anaconda simulacra (IceCv)
  A tengu conjurer (D:14)
  3 yaktaurs
  An efreet (D:14)
  9 freezing wraiths
  2 entropy weaver simulacra (IceCv)
  A meliai (D:11)
  An ice devil (IceCv)
  2 hornets
  2 polar bears (D:11)
  A troll (D:13)
  2 centaur simulacra (D:11)
  9 shadows
  2 wyverns (D:10)
  4 vampires
  2 dire elephant simulacra (IceCv)
  31 yaks
  A golden eye (Gauntlet)
  3 wraiths
  3 basilisks
  5 vampire mosquitoes
  A neqoxec (Gauntlet)
  A steam dragon (D:8)
  2 chaos spawn (Gauntlet)
  Menkaure (D:6)
  4 harpy simulacra (IceCv)
  2 minotaur simulacra (IceCv)
  2 acid dragons
  A hydra simulacrum (IceCv)
  Duvessa (D:6)
  A floating eye (Gauntlet)
  8 water moccasins
  15 orc warriors
  2 ettin simulacra (IceCv)
  2 ice beasts
  2 sky beasts
  A black bear (D:7)
  2 wolves (D:11)
  2 ogres
  7 centaurs
  A phantom (D:5)
  2 lemures (D:7)
  4 kobold brigands
  3 bullfrogs
  2 necrophages
  A deep troll simulacrum (IceCv)
  2 gnoll sergeants
  4 scorpions
  Dowan (D:6)
  11 wights
  A troll zombie (D:12)
  A killer bee (D:11)
  A lindwurm simulacrum (IceCv)
  A howler monkey (D:11)
  3 electric eels
  A jelly (D:7)
  2 hounds
  Crazy Yiuf (D:6)
  4 orc priests
  3 iguanas
  8 orc wizards
  2 yak simulacra (D:9)
  4 polar bear simulacra (D:9)
  3 wolf simulacra (D:9)
  6 ogre zombies (D:12)
  5 adders
  16 gnolls
  A shadow imp (D:7)
  2 white imps
  An ufetubus (D:11)
  A worm (D:2)
  A dart slug (D:1)
  41 orcs
  2 endoplasms
  4 giant cockroaches
  5 hobgoblins
  9 jackals
  4 quokkas
  6 ball pythons
  2 bats
  2 frilled lizards
  3 goblins
  A goblin skeleton (D:12)
  3 goblin zombies (D:12)
  2 hobgoblin skeletons (D:12)
  5 hobgoblin zombies (D:12)
  20 kobolds
  2 orc skeletons (D:12)
  12 orc zombies (D:12)
  6 rats
  2 river rat simulacra (D:9)
423 creatures vanquished.

Vanquished Creatures (collateral kills)
  An alligator simulacrum (IceCv)
1 creature vanquished.

Vanquished Creatures (others)
  A white imp (D:11)
  13 demonic plants (Gauntlet)
  20 plants
34 creatures vanquished.

Grand Total: 458 creatures vanquished

Notes
Turn   | Place    | Note
-------+----------+-------------------------------------------
     0 | D:1      | namelastname112 the Draconian Ice Elementalist began the
                  | quest for the Orb.
     0 | D:1      | Reached XP level 1. HP: 14/14 MP: 3/3
   184 | D:1      | Found a faded altar of an unknown god.
   189 | D:1      | Reached XP level 2. HP: 20/20 MP: 1/5
   382 | D:1      | You fall into a shaft and drop 1 floor!
  1293 | D:2      | Reached XP level 3. HP: 26/26 MP: 0/6
  1297 | D:2      | Learned a level 3 spell: Frozen Ramparts
  1456 | D:2      | Identified the +12 hand axe "Vosynn" {vorpal, rElec}
  2444 | D:3      | Found a burning altar of Makhleb.
  2498 | D:3      | Reached XP level 4. HP: 29/34 MP: 8/8
  2555 | D:3      | Reached skill level 1 in Fighting
  2921 | D:4      | Found a stormy altar of Qazlal.
  2921 | D:4      | Noticed an earth elemental
  2946 | D:4      | Noticed a water elemental
  2952 | D:4      | Noticed a fire elemental
  2952 | D:4      | Noticed an air elemental
  2969 | D:4      | Found Uvefoop's Weapon Shoppe.
  3026 | D:4      | Found a shadowy altar of Dithmenos.
  3040 | D:4      | Identified the +4 scimitar of the Charming Saviour {vorpal,
                  | rC- Str+4 Int+7}
  3185 | D:4      | Found a shimmering blue altar of Sif Muna.
  3239 | D:4      | Reached XP level 5. HP: 34/41 MP: 9/9
  3640 | D:5      | Entered Level 5 of the Dungeon
  3671 | D:5      | Noticed an ogre
  3683 | D:5      | Killed an ogre
  3684 | D:5      | Reached skill level 5 in Ice Magic
  3684 | D:5      | Reached XP level 6. HP: 18/50 MP: 5/11
  4413 | D:5      | Found a basalt altar of Yredelemnul.
  4600 | D:5      | Found an opulent altar of Gozag.
  4600 | D:5      | Found a snail-covered altar of Cheibriados.
  4601 | D:5      | Found a broken altar of Ashenzari.
  4733 | D:6      | Your scales start taking on a dull iron-grey colour.
  4733 | D:6      | Reached XP level 7. HP: 35/57 MP: 12/12
  4885 | D:6      | Learned a level 3 spell: Stone Arrow
  5020 | D:6      | Found a blossoming altar of Fedhas.
  5034 | D:6      | Reached skill level 1 in Earth Magic
  5131 | D:6      | Reached skill level 2 in Earth Magic
  5221 | D:6      | Noticed Dowan
  5222 | D:6      | Noticed Duvessa
  5236 | D:6      | Killed Duvessa
  5239 | D:6      | Killed Dowan
  5240 | D:6      | Reached skill level 3 in Earth Magic
  5378 | D:6      | Noticed Menkaure
  5383 | D:6      | Killed Menkaure
  5384 | D:6      | Reached XP level 8. HP: 63/67 MP: 14/14
  5563 | D:6      | Reached skill level 4 in Earth Magic
  5811 | D:6      | Reached skill level 1 in Axes
  5908 | D:6      | Reached skill level 5 in Earth Magic
  6088 | D:6      | Noticed a manticore
  6097 | D:6      | Killed a manticore
  6098 | D:6      | Reached skill level 5 in Fighting
  6098 | D:6      | Reached skill level 5 in Dodging
  6098 | D:6      | Reached skill level 5 in Spellcasting
  6098 | D:6      | Reached skill level 6 in Earth Magic
  6322 | D:6      | Found a runed translucent door.
  6323 | D:6      | Noticed Crazy Yiuf
  6688 | D:6      | Killed Crazy Yiuf
  6736 | D:7      | Noticed Pikel
  6745 | D:7      | Reached XP level 9. HP: 74/74 MP: 13/16
  6748 | D:7      | Killed Pikel
  6749 | D:7      | Reached skill level 7 in Earth Magic
  6776 | D:7      | Found a shimmering altar of Xom.
  6818 | D:7      | Found a hazy altar of Hepliaklqana.
  7292 | D:7      | Reached skill level 8 in Earth Magic
  7431 | D:7      | Found a staircase to the Ecumenical Temple.
  7816 | Temple   | Entered the Ecumenical Temple
  8107 | D:8      | Reached XP level 10. HP: 84/84 MP: 19/19
  8404 | D:8      | Learned a level 3 spell: Ozocubu's Armour
  8420 | D:8      | Reached skill level 9 in Earth Magic
  9165 | D:9      | Noticed a two-headed ogre
  9174 | D:9      | Killed a two-headed ogre
  9175 | D:9      | Reached skill level 5 in Axes
  9175 | D:9      | Reached skill level 1 in Conjurations
  9325 | D:9      | Found a radiant altar of Vehumet.
  9330 | D:9      | Reached skill level 10 in Earth Magic
  9334 | D:9      | Became a worshipper of Vehumet
  9558 | D:9      | Noticed Erolcha
  9564 | D:9      | Killed Erolcha
  9619 | D:9      | Noticed a necromancer
  9629 | D:9      | Killed a necromancer
  9630 | D:9      | Reached XP level 11. HP: 68/93 MP: 15/21
 10023 | D:9      | Noticed a two-headed ogre
 10028 | D:9      | Killed a two-headed ogre
 10238 | D:10     | Entered Level 10 of the Dungeon
 10239 | D:10     | Found a staircase to the Lair.
 10248 | D:10     | Reached * piety under Vehumet
 10248 | D:10     | Offered knowledge of Foxfire by Vehumet.
 10502 | D:10     | Reached skill level 11 in Earth Magic
 10728 | D:10     | Noticed a two-headed ogre
 10736 | D:10     | Killed a two-headed ogre
 10977 | D:10     | Reached skill level 5 in Conjurations
 11484 | D:10     | Offered knowledge of Sandblast by Vehumet.
 11542 | D:11     | Noticed a centaur warrior
 11553 | D:11     | Killed a centaur warrior
 11623 | D:11     | Noticed an orc knight
 11708 | D:11     | Reached ** piety under Vehumet
 11825 | D:11     | Killed an orc knight
 11917 | D:11     | Reached skill level 12 in Earth Magic
 12140 | D:11     | Found an opulent altar of Gozag.
 12143 | D:11     | Noticed a two-headed ogre
 12156 | D:11     | Reached XP level 12. HP: 103/103 MP: 20/23
 12158 | D:11     | Killed a two-headed ogre
 12782 | D:11     | Offered knowledge of Static Discharge by Vehumet.
 13101 | D:11     | Noticed an ogre mage
 13108 | D:11     | Paralysed by an ogre mage for 2 turns
 13112 | D:11     | Killed an ogre mage
 13376 | D:11     | Noticed a death knight
 13614 | D:11     | Found a runed translucent door.
 13615 | D:11     | Found a shimmering altar of Xom.
 13615 | D:11     | Noticed bmj180's ghost (journeyman MfIE)
 13856 | D:11     | Killed a death knight
 14139 | D:11     | Noticed a catoblepas
 14171 | D:11     | Killed a catoblepas
 14833 | D:11     | Identified the +1 ring mail of Voumowno {+Inv}
 15053 | D:12     | Reached *** piety under Vehumet
 15272 | D:12     | Noticed Nessos
 15287 | D:12     | Killed Nessos
 15331 | D:12     | Noticed a four-headed hydra
 15334 | D:12     | Noticed a boulder beetle
 15335 | D:12     | Noticed Zuubbik's ghost (journeyman MiBe)
 15343 | D:12     | Noticed a centaur warrior
 15384 | D:12     | Noticed Psyche
 15387 | D:12     | Offered knowledge of Iskenderun's Mystic Blast by Vehumet.
 15400 | D:12     | Killed Psyche
 15482 | D:12     | Reached **** piety under Vehumet
 15491 | D:12     | Found a staircase to the Orcish Mines.
 15581 | D:12     | Found a transporter.
 15582 | D:12     | Found a transporter.
 15582 | D:12     | Noticed a two-headed ogre
 15588 | D:12     | Killed a two-headed ogre
 15588 | D:12     | Offered knowledge of Iskenderun's Battlesphere by Vehumet.
 15589 | D:12     | Reached skill level 13 in Earth Magic
 15742 | D:12     | Learned a level 2 spell: Blink
 16189 | D:12     | Found Hium's General Store.
 16210 | D:12     | Reached XP level 13. HP: 69/113 MP: 12/25
 16695 | D:13     | Identified the ring of Life {rPois rF+ Will+ Str+6 Stlth-}
 16713 | D:13     | Reached skill level 10 in Fighting
 16745 | D:13     | Found a gate leading to a gauntlet.
 16764 | Gauntlet | Entered a Gauntlet
 16764 | Gauntlet | Found a large runed translucent door.
 16764 | Gauntlet | Found a large runed translucent door.
 16764 | Gauntlet | Found a large runed translucent door.
 16764 | Gauntlet | Found a large runed translucent door.
 16764 | Gauntlet | Found a large runed translucent door.
 16764 | Gauntlet | Found a large runed translucent door.
 16764 | Gauntlet | Found a large runed translucent door.
 16764 | Gauntlet | Found a large runed translucent door.
 16764 | Gauntlet | Found a runed translucent door.
 16764 | Gauntlet | Found a runed translucent gate.
 16764 | Gauntlet | Found a transporter.
 16764 | Gauntlet | Found a transporter.
 16764 | Gauntlet | Found a runed translucent gate.
 16764 | Gauntlet | Found a transporter.
 16774 | Gauntlet | Found a transporter.
 16776 | Gauntlet | Found a transporter.
 16776 | Gauntlet | Found a transporter.
 16976 | Gauntlet | Found a runed translucent gate.
 16976 | Gauntlet | Found a runed translucent door.
 16978 | Gauntlet | Found a large runed translucent door.
 16978 | Gauntlet | Found a large runed translucent door.
 17011 | Gauntlet | Found a transporter.
 17015 | Gauntlet | Found a transporter.
 17023 | Gauntlet | Noticed a storm dragon
 17025 | Gauntlet | Found a transporter.
 17026 | Gauntlet | a storm dragon changed into a four-headed hydra
 17030 | Gauntlet | Found a transporter.
 17037 | Gauntlet | Noticed a dire elephant
 17037 | Gauntlet | a tyrant leech changed into a dire elephant
 17041 | Gauntlet | Noticed a sphinx
 17041 | Gauntlet | a dire elephant changed into a sphinx
 17043 | Gauntlet | Noticed a minotaur
 17043 | Gauntlet | a sphinx changed into a minotaur
 17048 | Gauntlet | a minotaur changed into a death yak
 17049 | Gauntlet | Noticed a minotaur
 17049 | Gauntlet | a death yak changed into a minotaur
 17052 | Gauntlet | a minotaur changed into a death yak
 17053 | Gauntlet | Noticed a minotaur
 17053 | Gauntlet | a death yak changed into a minotaur
 17054 | Gauntlet | a minotaur changed into a four-headed hydra
 17070 | Gauntlet | Found a large runed translucent door.
 17070 | Gauntlet | Found a large runed translucent door.
 17073 | Gauntlet | Found a large runed translucent door.
 17073 | Gauntlet | Found a large runed translucent door.
 17074 | Gauntlet | Found a large runed translucent door.
 17075 | Gauntlet | Found a large runed translucent door.
 17125 | Gauntlet | Found a transporter.
 17129 | Gauntlet | Found a transporter.
 17173 | Gauntlet | Noticed a spark wasp
 17173 | Gauntlet | a wolf spider changed into a spark wasp
 17178 | Gauntlet | Noticed a broodmother
 17178 | Gauntlet | a spark wasp changed into a broodmother
 17183 | Gauntlet | Noticed an ettin
 17183 | Gauntlet | a broodmother changed into an ettin
 17188 | Gauntlet | an ettin changed into something unseen
 17269 | Gauntlet | Identified a scroll of acquirement
 17269 | Gauntlet | Acquired the amulet of Irelomib {RegenMP Int+5}
 17500 | Gauntlet | Identified the +6 hand crossbow "Impslayer" {elec, Int+7}
 17500 | Gauntlet | Noticed a minotaur
 17862 | Gauntlet | Killed a minotaur
 17872 | Gauntlet | Identified the +3 troll leather armour "Tyod" {Harm rPois
                  | Regen+ Str+2 Int-5 Dex+3}
 17873 | Gauntlet | Got the Grimoire of Congealing Battle Magic
 17880 | Gauntlet | Got Goloef's Almanac of the Compass
 17894 | Gauntlet | Identified the +5 long sword of Wariness {drain, rC+ Str+5}
 18082 | D:13     | Learned a level 7 spell: Orb of Destruction
 18352 | D:13     | Reached ***** piety under Vehumet
 18394 | D:13     | Offered knowledge of Lee's Rapid Deconstruction by Vehumet.
 18401 | D:13     | Learned a level 5 spell: Lee's Rapid Deconstruction
 18445 | D:13     | Found a gate to the Vaults.
 18686 | D:13     | Found a blossoming altar of Fedhas.
 19108 | D:14     | Found a frozen archway.
 19114 | IceCv    | Entered an ice cave
 19479 | IceCv    | Found an ancient bone altar of Kikubaaqudgha.
 19491 | IceCv    | Reached skill level 14 in Earth Magic
 19492 | IceCv    | Reached XP level 14. HP: 7/124 MP: 11/27
 19495 | IceCv    | HP: 6/124 [lindwurm simulacrum (8)]
 19495 | IceCv    | Demolished by a lindwurm simulacrum

Illustrated notes

Levels and vault maps discovered:
D:1:      dpeg_arrival_pits, layout_loops_ring, basic_ecumenical_altar,
          minmay_liquid_box, chequers_mini_garden, serial_bayou_pond_d,
          grunt_decor_junction, hangedman_decor_growths
D:2:      layout_basic, roderic_st_hans_cross
D:3:      layout_basic, lightli_temple_of_fire, minivault_5
D:4:      layout_cave_pools, nicolae_dithmenos_the_darkroom, lemuel_tele_altar,
          nicolae_qazlal_style_of_elements, serial_shops, nicolae_shop_crystal
D:5:      layout_loops_ring, minitemple, amcnicky_altar_gilded, serial_glass,
          glass_columns_b, glass_columns_c, glass_columns_a, glass_columns_b,
          glass_columns_a, glass_columns_a, glass_columns_a, glass_columns_a,
          glass_columns_b, glass_columns_a, glass_columns_b, glass_columns_b,
          glass_columns_a, glass_columns_a
D:6:      layout_cave_pods, mainiacjoe_overflow_six_doors_small,
          due_unseen_surprise, uniq_menkaure, uniq_crazy_yiuf_cottage,
          uniq_duvessa
D:7:      cheibrodos_quashed, layout_cave_pools,
          mainiacjoe_overflow_small_starburst, old_standard_altar,
          minmay_temple_entry_nine_rooms, enter_bailey_2, lightli_minifort,
          uniq_pikel
D:8:      layout_rooms
D:9:      layout_irregular_city, nicolae_vehumet_altar_sigil,
          eino_house_with_fridge, uniq_erolcha
D:10:     layout_long_grid, minmay_lair_entry_grove
D:11:     minmay_the_grid_triangle_9x9_line_8_mashed
          [minmay_the_grid_triangle_9x9_flanged_cone,
          minmay_the_grid_triangle_9x9_semitri,
          minmay_the_grid_triangle_9x9_alien,
          minmay_the_grid_triangle_9x9_thin_v,
          minmay_the_grid_triangle_9x9_checkered,
          minmay_the_grid_triangle_9x9_zippers_vertical,
          minmay_the_grid_triangle_9x9_warning,
          minmay_the_grid_triangle_9x9_prize_top_heavy], layout_loops_corners,
          serial_ice, serial_ice_c, serial_ice_h, serial_ice_a, serial_ice_j,
          ebering_ghost_xom, grunt_gozag_statues
D:12:     layout_basic, zombieorc2_lemuel, special_room [special_room_orc],
          serial_shops, shop, nzn_ghost_randoct, uniq_nessos, uniq_psyche
D:13:     layout_rooms, david_vaults_2, gauntlet_entry_generic, fedhas_altar_2
D:14:     layout_basic, portal_ice_cave_entry_horrid_things
Temple:   jpeg_temple_alley_garden
IceCv:    ice_cave_small_necro

Skill      XL: |  1  2  3  4  5  6  7  8  9 10 11 12 13 |
---------------+----------------------------------------+-----
Dodging        | 2 3 4 5 6 7 8 9 |  9.5
Fighting       | 1 2 3 4 5 6 7 8 9 11 | 11.0
Spellcasting   | 3 4 5 6 7 8 9 |  9.7
Ice Magic      | 5 |  5.5
Earth Magic    | 3 6 8 10 12 13 14 | 14.0
Axes           | 2 4 5 6 7 8 |  8.3
Conjurations   | 3 5 7 9 |  9.4
Stealth        | |  1.7

Action                   |  1- 3 |  4- 6 |  7- 9 | 10-12 | 13-15 || total
-------------------------+-------+-------+-------+-------+-------++-------
Melee: Unarmed           |    23 |       |       |       |       ||    23
       Tailslap          |     6 |     3 |    13 |    91 |    21 ||   134
       Dagger            |     7 |       |       |       |       ||     7
       Hand axe          |    24 |    51 |   137 |   514 |   116 ||   842
       Punch             |       |       |     1 |     6 |     2 ||     9
Throw: Dart              |       |       |       |     1 |     1 ||     2
 Cast: Freeze            |    32 |     1 |     4 |     3 |       ||    40
       Frozen Ramparts   |       |     2 |     5 |    28 |    18 ||    53
       Stone Arrow       |       |       |     4 |    40 |    51 ||    95
       Ozocubu's Armour  |       |       |       |    15 |     9 ||    24
       Lee's Rapid Decon |       |       |       |       |    33 ||    33
       Blink             |       |       |       |       |     1 ||     1
Evoke: Wand              |       |       |       |     5 |     3 ||     8
       Tin of tremorston |       |       |       |       |     2 ||     2
       Box of beasts     |       |       |       |       |     1 ||     1
  Use: Scroll            |       |    10 |       |    12 |     2 ||    24
       Potion            |       |       |       |     6 |    10 ||    16
 Stab: Distracted        |     1 |       |       |       |       ||     1
       Sleeping          |       |     4 |     4 |       |       ||     8
       Paralysed         |       |       |       |     7 |       ||     7
       Invisible         |       |       |       |       |     2 ||     2
Armor: Skin              |    14 |    11 |    63 |   270 |    81 ||   439
Dodge: Dodged            |    38 |    17 |    98 |   385 |    99 ||   637

Table legend: (Time is in decaauts)
 A = Elapsed time spent in this place.
 B = Non-inter-level travel time spent in this place.
 C = Inter-level travel time spent in this place.
 D = Time resting spent in this place.
 E = Time spent auto-exploring this place.
 F = Levels seen in this place.
 G = Mean time per level.
                   A        B        C        D        E       F      G
               +--------+--------+--------+--------+--------+-----+--------+
         Total |  19523 |  19066 |    457 |   4750 |  11309 |  17 | 1148.4 |
       Dungeon |  17805 |  17400 |    405 |   3904 |  10882 |  14 | 1271.8 |
        Temple |    225 |    173 |     52 |      0 |    168 |   1 |  225.0 |
      Ice Cave |    366 |    366 |      0 |    185 |    108 |   1 |  366.0 |
      Gauntlet |   1125 |   1125 |      0 |    660 |    151 |   1 | 1125.0 |
               +--------+--------+--------+--------+--------+-----+--------+

Top non-repeatable levels by time:
    D:11: 3483 daAuts
     D:6: 2039 daAuts
    D:12: 1661 daAuts
    D:10: 1303 daAuts
     D:9: 1241 daAuts
     D:7: 1141 daAuts
Gauntlet: 1125 daAuts
     D:2: 1090 daAuts
     D:5: 1078 daAuts
    D:13: 1026 daAuts
     D:1: 930 daAuts
     D:8: 915 daAuts
     D:3: 899 daAuts
     D:4: 733 daAuts
   IceCv: 366 daAuts
